 Dungeon Crawl Stone Soup version 0.31-a0-564-g3b7de120b3 (webtiles) character file.

Game seed: 8078189846652729366

43 subawu the Vexing (level 3, -1/21 HPs)
             Began as a Kobold Hexslinger on May 28, 2023.
             Slain by an adder (3 damage)
             ... on level 2 of the Dungeon on Aug 17, 2023.
             The game lasted 00:10:13 (1625 turns).

subawu the Vexing (Kobold Hexslinger)               Turns: 1625, Time: 00:10:13

Health: -1/21      AC:  5    Str:  7    XL:     3   Next: 82%
Magic:  5/5        EV: 12    Int: 14    God:
Gold:   45         SH:  4    Dex: 17    Spells: 4/5 levels left

rFire   . . .        a - +1 sling
rCold   . . .        n - +0 buckler
rNeg    . . .        l - +0 ring mail
rPois   .            (no helmet)
rElec   .            (no cloak)
rCorr   .            (no gloves)
SInv    .            (no boots)
Will    .....        (no amulet)
Stlth   ++           (no ring)
HPRegen 0.23/turn    (no ring)
MPRegen 0.09/turn

%: no passive effects
@: lethally poisoned (-1 -> -3)
A: small, no large weapons, nightstalker 3
a: no special abilities


You were on level 2 of the Dungeon.
You visited 1 branch of the dungeon, and saw 2 of its levels.

You collected 45 gold pieces.

Inventory:

Hand Weapons
 a - a +1 sling (weapon)
 d - a +0 short sword
 e - a +0 club
 h - a +0 spear
 i - a +0 club
 m - a +0 whip
 q - a +0 heavy long sword
Missiles
 g - 27 stones
Armour
 c - a +0 robe
 l - a +0 ring mail (worn)
 n - a +0 buckler (worn)
Jewellery
 s - an amulet of guardian spirit
Scrolls
 b - a scroll of poison
 j - a scroll of immolation {unknown}
 k - a scroll of enchant weapon {unknown}
 o - a scroll of identify {unknown}
 p - a scroll of enchant armour {unknown}
 r - a scroll of revelation {unknown}
Potions
 f - a potion of enlightenment {unknown}


   Skills:
 + Level 1.8 Fighting
 + Level 3.3 Ranged Weapons
 + Level 3.0 Dodging
 + Level 1.7 Spellcasting
 + Level 3.3 Hexes


You had 4 spell levels left.
You knew the following spells:

 Your Spells              Type           Power      Damage    Failure   Level
a - Slow                  Hex            40%        N/A       36%         1

Your spell library contained the following spells:

 Spells                   Type           Power      Damage    Failure   Level
 Inner Flame              Hex/Fire       5%         N/A       92%         3
 Portal Projectile        Hex/Tloc       10%        N/A       92%         3
 Cause Fear               Hex            5%         N/A       98%         4


Dungeon Overview and Level Annotations

Branches:
Dungeon (2/15)

Altars:


Innate Abilities, Weirdness & Mutations

You are small and have problems with some larger weapons.
You are completely attuned to the shadows.


Message History

You shoot a sling bullet. The sling bullet hits the adder.
The adder is moderately wounded.
The adder barely misses you.
A frilled lizard comes into view.
The adder closely misses you.
You shoot a sling bullet.
The sling bullet barely misses the adder.
You block the adder's attack. The adder bites you.
You are poisoned.
The adder poisons you!
You shoot a sling bullet.
The sling bullet closely misses the adder.
The sling bullet hits the frilled lizard!
You kill the frilled lizard!
You feel very sick. The adder misses you.
The adder bites you but does no damage.
You shoot a sling bullet.
The sling bullet closely misses the adder.
You feel sick. The adder bites you but does no damage.
You block the adder's attack.
You shoot a sling bullet.
The sling bullet hits the adder but does no damage.
The adder is moderately wounded.
You feel sick. The adder barely misses you. The adder completely misses you.
You shoot a sling bullet.
The sling bullet closely misses the adder.
You feel sick. The adder bites you.
You are more poisoned.
The adder poisons you! The adder barely misses you.
You shoot a sling bullet. The sling bullet misses the adder.
You feel sick. The adder barely misses you.
The adder bites you but does no damage.
You shoot a sling bullet. The sling bullet hits the adder.
The adder is moderately wounded.
You feel sick. The adder bites you. You block the adder's attack.
You shoot a sling bullet.
The sling bullet closely misses the adder.
You feel sick. The adder bites you.
* * * LOW HITPOINT WARNING * * *
The adder bites you.
You die...

######
##.....
##.@S†..
#.......
#....... ...
#........ ...
#........ #.
#..........
#.
##........##
#.
#..........#
##.
#..........##
#..


You could see an adder.

Vanquished Creatures
  3 dart slugs (D:1)
  2 ball pythons
  2 endoplasms
  2 goblins (D:1)
  5 hobgoblins
  2 jackals (D:1)
  A quokka (D:2)
  6 bats
  2 frilled lizards
  8 kobolds
  2 rats (D:1)
35 creatures vanquished.

Notes
Turn   | Place    | Note
-------+----------+-------------------------------------------
     0 | D:1      | subawu the Kobold Hexslinger began the quest for the Orb.
     0 | D:1      | Reached XP level 1. HP: 12/12 MP: 2/2
   163 | D:1      | Upgraded the game from 0.31-a0-112-gdf0485fa37 to
                  | 0.31-a0-115-g4708a659fe
   166 | D:1      | Reached XP level 2. HP: 16/16 MP: 3/3
   329 | D:1      | Upgraded the game from 0.31-a0-115-g4708a659fe to
                  | 0.31-a0-564-g3b7de120b3
   437 | D:1      | Reached XP level 3. HP: 14/20 MP: 5/5
  1625 | D:2      | Slain by an adder

Illustrated notes

Levels and vault maps discovered:
D:1:      arrival_zaba_pyramid, layout_basic, minmay_misc_feat_plants
D:2:      layout_rooms, st_stairs_11, hangedman_decor_push,
          kennysheep_generic_room_3

Skill      XL: |  1  2  3 |
---------------+----------+-----
Ranged Weapons | 3 |  3.3
Dodging        | 3 |  3.0
Fighting       | |  1.8
Spellcasting   | |  1.7
Hexes          | |  3.3

Action                     || total
---------------------------++-------
   Fire: Sling             ||   114
    Use: Scroll            ||     1
 Armour: Robe              ||    31
         Ring mail         ||    15
  Dodge: Dodged            ||   139
  Block: Buckler           ||    23

Table legend: (Time is in decaauts)
 A = Elapsed time spent in this place.
 B = Non-inter-level travel time spent in this place.
 C = Inter-level travel time spent in this place.
 D = Time resting spent in this place.
 E = Time spent auto-exploring this place.
 F = Levels seen in this place.
 G = Mean time per level.
                   A        B        C        D        E       F      G
               +--------+--------+--------+--------+--------+-----+--------+
         Total |   1660 |   1565 |     95 |     76 |     71 |   2 |  830.0 |
       Dungeon |   1660 |   1565 |     95 |     76 |     71 |   2 |  830.0 |
               +--------+--------+--------+--------+--------+-----+--------+

Top non-repeatable levels by time:
     D:1: 1252 daAuts
     D:2: 408 daAuts
